 Dungeon Crawl Stone Soup version 0.21-a0-264-g3e31e41 (console) character file.

451637 Mandevil the Warrior (level 24, -10/241 HPs)
             Began as a Naga Monk on Sept 9, 2017.
             Was the Champion of Cheibriados.
             Mangled by an iron troll (21 damage)
             ... on level 4 of the Depths.
             The game lasted 04:01:42 (56372 turns).

Mandevil the Warrior (Naga Monk)                   Turns: 56372, Time: 04:01:43

Health: -10/241    AC: 52    Str: 42    XL:     24   Next: 30%
Magic:  32/34      EV: 18    Int: 33    God:    Cheibriados [******]
Gold:   2611       SH: 23    Dex: 37    Spells: 23/23 levels left

rFire    . . .     SeeInvis +   a - +9 demon trident (flame)
rCold    + . .     Gourm    .   w - +2 shield {AC+3}
rNeg     . . .     Faith    .   S - +8 plate armour of the Planets {rCorr}
rPois    +         Spirit   .   G - +2 helmet {Int+3}
rElec    .         Reflect  +   O - +2 cloak
rCorr    +         Harm     .   L - +2 pair of gloves
MR       +++++                  k - +4 naga barding
Stlth    +.........             q - amulet "Atel" {Reflect rC+ Str+4 SH+3}
HPRegen  0.50/turn              Z - +3 ring of slaying
MPRegen  0.24/turn              D - ring "Jija" {MR++ EV+2 Int+4 Dex+4 Stlth+}

@: engulfed (cannot breathe), very slow
A: thin metallic scales 1, see invisible, agile 1, blink, deformed body, poison
resistance, slowness 2, slow metabolism 1, spit poison 1, wild magic 1,
constrict 1, AC +8
}: 2/15 runes: decaying, serpentine
a: Spit Poison, Blink, Bend Time, Temporal Distortion, Slouch, Step From Time,
Renounce Religion


You were on level 4 of the Depths.
You worshipped Cheibriados.
Cheibriados was exalted by your worship.
You were not hungry.

You visited 9 branches of the dungeon, and saw 43 of its levels.
You also visited: Ice Cave.

You collected 7017 gold pieces.
You spent 4406 gold pieces at shops.

Inventory:

Hand Weapons
 a - a +9 demon trident of flaming (weapon)
 b - the +7 fustibalus "Culocu" {venom, +Inv}
   (You bought it in a shop on level 4 of the Vaults)

   It poisons the ammo it fires.
   It lets you turn invisible.
 c - a +2 demon trident of venom
 d - a +2 fustibalus of freezing
Missiles
 n - 233 sling bullets
 s - 1199 stones (quivered)
Armour
 k - a +4 naga barding (worn)
 w - a +2 shield of protection (worn)
 G - a +2 helmet of intelligence (worn)
 L - a +2 pair of gloves (worn)
 O - a +2 cloak (worn)
 S - the +8 plate armour of the Planets (worn) {rCorr}
   (You found it on level 2 of the Depths)

   It protects you from acid and corrosion.
Jewellery
 g - an uncursed ring of protection from magic
 q - the amulet "Atel" (around neck) {Reflect rC+ Str+4 SH+3}
   (You found it on level 3 of the Lair of Beasts)

   [amulet of reflection]

   It shields you and reflects attacks.
   It affects your strength (+4).
   It protects you from cold.
   It affects your SH (+3).
 v - an uncursed ring of protection from fire
 y - an uncursed ring of positive energy
 D - the ring "Jija" (right hand) {MR++ EV+2 Int+4 Dex+4 Stlth+}
   (You bought it in a shop on level 3 of the Snake Pit)

   [ring of evasion]

   It affects your evasion (+2).
   It affects your intelligence (+4).
   It affects your dexterity (+4).
   It affects your resistance to hostile enchantments.
   It makes you more stealthy.
 I - an uncursed ring of flight
 Z - a +3 ring of slaying (left hand)
Wands
 o - a wand of acid (7/15)
 x - a wand of iceblast (9/15)
 B - a wand of enslavement (8/24)
 H - a wand of acid (2/15)
 M - a wand of enslavement (2/24)
 R - a wand of iceblast (3/15)
 T - a wand of lightning (6/15)
 X - a wand of confusion (12/48)
Scrolls
 i - 14 scrolls of remove curse
 j - 2 scrolls of fog
 z - 6 scrolls of fear
 C - 6 scrolls of blinking
 P - 6 scrolls of identify
 Q - a scroll of holy word
 V - 14 scrolls of teleportation
 W - 3 scrolls of recharging
Potions
 m - 13 potions of curing
 p - 11 potions of might
 r - 8 potions of heal wounds
 A - 2 potions of resistance
 E - 3 potions of cancellation
 F - 3 potions of ambrosia
 K - 7 potions of invisibility
 N - 4 potions of agility
Miscellaneous
 e - a phial of floods
 f - 4 phantom mirrors
 t - a sack of spiders
 u - a lamp of fire
Comestibles
 h - 26 meat rations
 J - 25 bread rations
 U - 18 royal jellies


   Skills:
 + Level 19.0 Fighting
 - Level 14.8 Polearms
 - Level 14.1 Slings
 - Level 12.0 Armour
 - Level 10.6 Dodging
 - Level 5.1 Stealth
 + Level 14.7 Shields
 - Level 13.0 Invocations
 - Level 15.9 Evocations


You had 23 spell levels left.
You didn't know any spells.

Dungeon Overview and Level Annotations

Branches:
Dungeon (15/15)            Temple (1/1) D:5            Lair (6/6) D:11
  Swamp (4/4) Lair:3        Snake (4/4) Lair:4        Slime (0/5) Lair:6
    Orc (2/2) D:12            Elf (3/3) Orc:2        Vaults (4/5) D:14
  Crypt (0/3) Vaults:2     Depths (4/5) D:15

Altars:
Ashenzari
Cheibriados
Dithmenos
Elyvilon
Fedhas
Gozag
Hepliaklqana
Kikubaaqudgha
Makhleb
Nemelex Xobeh
Okawaru
Qazlal
Ru
Sif Muna
Trog
Uskayaw
Vehumet
Wu Jian
Xom
Yredelemnul
Zin
The Shining One
Beogh

Shops:
D:7 !   D:15 *   Orc:1 =(%[(   Orc:2 *%=}   Elf:2 [   Elf:3 !   Snake:2 =}}=
Snake:3 =   Vaults:1 [   Vaults:2 %   Vaults:4 *

Portals:
Hell: Depths:1 Depths:2 Depths:3
Pandemonium: Depths:3
Ziggurat: Depths:1

Annotations:
D:4 Eustachio
D:12 Nergalle
Swamp:4 exclusion: Roxanne, Roxanne


Innate Abilities, Weirdness & Mutations

You cannot wear boots.
Your serpentine skin is tough. (AC +8)
You have supernaturally acute eyesight. (SInv)
Armour fits poorly on your strangely shaped body.
Your system is resistant to poisons. (rPois)
You cover ground very slowly.
You have a slow metabolism.
You can spit poison.
You can use your snake-like lower body to constrict enemies.
You are partially covered in thin metallic scales. (AC +2)
You are agile. (Dex +2)
You can translocate small distances at will.
Your spells are a little harder to cast, but a little more powerful.


Message History

Your lungs strain for air!
You block the hell knight's attack. You block the water elemental's attack.
You block the iron troll's attack. The iron troll misses you.
The iron troll claws you.
Unknown command.
Your lungs strain for air!
You block the hell knight's attack.
The deep troll shaman bites you but does no damage.
You block the deep troll shaman's attack.
The deep troll shaman claws you but does no damage.
The iron troll bites you!!
* * * LOW HITPOINT WARNING * * *
The iron troll claws you!
* * * LOW HITPOINT WARNING * * *
The iron troll claws you.
* * * LOW HITPOINT WARNING * * *
The iron troll bites you!!
* * * LOW HITPOINT WARNING * * *
The iron troll claws you!!
You die...

.....##
.......
.......
.......
.......
##.......
##TTi!....
#.NTp.....
#.#ET......
#. .C.......
..
......##..
.. .........
. ..
.......~.##
.
......>.~.#
............


You could see 3 iron trolls, a stone giant, a hell knight, a spriggan berserker
(berserk), a deep troll shaman and a water elemental.

Vanquished Creatures
  Saint Roka (Elf:3)
  Bai Suzhen (Snake:4)
  A golden dragon (Depths:2)
  A Tzitzimitl (Depths:3)
  The ghost of sergedm the Archmage, an adept DECj of Vehumet (Depths:2)
  A titan (Depths:2)
  2 deep elf blademasters (Elf:3)
  2 deep elf master archers (Elf:3)
  The ghost of p0werm0de the Black Belt, an adept DsHu of Ashenzari (Snake:4)
  Gastronok (Lair:2)
  3 sphinxes
  2 shadow dragons (Depths:3)
  A tengu reaver (Vaults:4)
  2 storm dragons
  Kirke (Elf:1)
  Donald (Elf:1)
  9 nagarajas
  The ghost of Gorglomux the Warrior, a journeyman MiAs of Okawaru (Orc:2)
  6 deep elf sorcerers
  4 fire giants
  Aizul (Snake:1)
  7 vault wardens
  Louise (Swamp:2)
  A balrug (Depths:2)
  7 frost giants
  3 deep elf elementalists
  4 spriggan defenders
  11 ironheart preservers
  A war gargoyle (Vaults:2)
  16 very ugly things
  6 stone giants
  An entropy weaver (Vaults:3)
  4 vampire knights
  A dire elephant (Lair:6)
  Nessos (Lair:5)
  8 deep elf demonologists
  A spark wasp (Depths:2)
  9 deep elf annihilators (Elf:3)
  Azrael (Snake:1)
  8 deep elf death magi
  Snorg (Lair:5)
  12 ettins
  7 fire dragons
  5 rakshasas
  9 great orbs of eyes
  6 yaktaur captains
  5 deep elf high priests
  24 hydras
  2 vault guards (Vaults:4)
  5 ghost crabs (Swamp:2)
  12 ice dragons
  13 naga warriors
  A merfolk avatar (Lair:6)
  7 centaur warriors
  3 spriggan air magi
  An anaconda (shapeshifter) (Depths:3)
  6 anacondas
  2 death knights
  16 ogre magi
  A queen ant (shapeshifter) (D:14)
  48 two-headed ogres
  8 death yaks
  7 tengu warriors
  25 dancing weapons
  9 alligators
  7 deep troll shamans
  8 deep troll earth magi
  5 orc high priests
  Urug (Orc:1)
  5 vampire magi
  6 shock serpents
  9 spriggan berserkers
  2 sun demons (Depths:2)
  A soul eater (Vaults:2)
  16 deep elf knights
  5 naga sharpshooters
  5 small abominations
  A titan skeleton (Vaults:4)
  3 iron trolls (Depths:3)
  8 hell knights
  2 salamander mystics
  A skeletal warrior (Vaults:2)
  3 shadow wraiths (Depths:3)
  A spark wasp zombie (Depths:1)
  A fire crab (shapeshifter) (Vaults:1)
  4 naga ritualists
  An unseen horror (shapeshifter) (Vaults:4)
  3 unseen horrors
  A spriggan druid (Swamp:4)
  6 swamp dragons
  A glowing orange brain (shapeshifter) (Vaults:3)
  A shadow dragon zombie (Vaults:4)
  23 deep trolls
  14 sea snakes
  15 ironbrand convokers
  7 wizards
  3 shadow demons (Depths:3)
  4 shambling mangroves
  A tengu zombie (Vaults:1)
  15 deep elf archers
  A wolf spider zombie (Vaults:1)
  9 orc knights
  A harpy (Lair:6)
  A phantasmal warrior (Vaults:2)
  9 necromancers
  51 deep elf magi
  A lindwurm (shapeshifter) (Depths:3)
  6 salamanders
  4 orc sorcerers
  3 oklob plants (Lair:1)
  A manticore (Lair:6)
  A cyclops (shapeshifter) (Vaults:1)
  A salamander (shapeshifter) (Vaults:1)
  43 ugly things
  5 cyclopes
  2 mana vipers (Snake:2)
  A moth of wrath (shapeshifter) (Vaults:1)
  8 naga magi
  12 vault sentinels
  31 black mambas
  3 ice statues (IceCv)
  7 elephants
  A guardian serpent (shapeshifter) (D:15)
  2 torpor snails (Lair:6)
  Maurice (D:12)
  A water nymph (shapeshifter) (Depths:1)
  2 gargoyles
  5 apocalypse crabs (Swamp:2)
  7 guardian serpents
  An eye of devastation (shapeshifter) (D:15)
  20 spiny frogs
  2 rime drakes
  A spiny frog (shapeshifter) (Vaults:1)
  A storm dragon simulacrum (Vaults:3)
  12 komodo dragons
  A yaktaur zombie (Vaults:4)
  2 efreet
  6 ice devils (IceCv)
  41 yaktaurs
  4 freezing wraiths
  2 human skeletons (Vaults:4)
  8 trolls
  4 meliai
  4 tengu conjurers
  A jumping spider (Vaults:3)
  7 tyrant leeches
  9 polar bears
  2 wind drakes (shapeshifter)
  19 bog bodies
  A fire dragon zombie (Depths:1)
  22 hornets
  22 blink frogs
  3 blink frogs (shapeshifter)
  A stone giant simulacrum (Depths:1)
  A meliai zombie (D:15)
  41 slime creatures
  9 hippogriffs
  A deep troll skeleton (Depths:1)
  An ettin zombie (Vaults:4)
  2 ettin skeletons
  7 redbacks (Snake:1)
  5 air elementals
  5 water elementals
  8 shadows
  3 wraiths
  A yak (shapeshifter) (Elf:2)
  3 basilisks
  10 spriggans
  A hog (Elf:1)
  4 wyverns
  33 yaks
  8 fire elementals
  9 vampire mosquitoes
  3 wargs
  16 swamp worms
  An acid dragon (D:15)
  47 nagas
  A soldier ant (D:8)
  4 insubstantial wisps (Swamp:4)
  2 floating eyes (shapeshifter)
  7 porcupines
  6 hell hounds (Snake:1)
  11 water moccasins
  10 swamp drakes
  2 black bears
  5 ice beasts
  3 sky beasts
  54 orc warriors
  51 ogres
  15 wolves
  A necrophage (D:15)
  2 phantoms
  7 boggarts
  A crocodile (shapeshifter) (Vaults:3)
  13 centaurs
  23 crocodiles
  5 big kobolds
  25 bullfrogs
  A wyvern zombie (D:9)
  2 earth elementals
  A glowing shapeshifter simulacrum (Vaults:3)
  2 human zombies
  2 gnoll sergeants
  6 scorpions
  2 human simulacra
  6 killer bees
  4 wights (D:11)
  4 howler monkeys
  3 electric eels
  9 jellies
  A quasit (D:9)
  7 crimson imps
  A bullfrog zombie (D:13)
  2 draconian simulacra (IceCv)
  8 centaur zombies
  12 hounds
  3 bullfrog skeletons
  32 orc priests
  3 centaur skeletons
  34 orc wizards
  Terence (D:1)
  3 iguanas
  7 hell rats (Lair:4)
  7 worker ants
  2 troll simulacra (IceCv)
  2 spriggan simulacra (IceCv)
  A centaur simulacrum (IceCv)
  A hound zombie (D:7)
  10 gnolls
  8 adders
  2 naga simulacra (IceCv)
  An ogre simulacrum (IceCv)
  9 river rats (D:5)
  4 shadow imps
  13 white imps
  3 oozes
  4 worms
  A dart slug (D:2)
  3 leopard geckos
  109 orcs
  9 bats
  10 giant cockroaches
  9 goblins
  9 hobgoblins
  6 jackals
  12 quokkas
  A ball python (D:3)
  8 frilled lizards
  37 kobolds
  A leopard gecko zombie (D:4)
  22 rats
  5 crawling corpses
  A plant (D:11)
1907 creatures vanquished.

Vanquished Creatures (collateral kills)
  An orc high priest (Orc:1)
  An orc warrior (Orc:1)
2 creatures vanquished.

Vanquished Creatures (others)
  2 stone giants
  3 yaktaur captains
  3 centaur warriors
  A dancing weapon (Elf:2)
  A naga sharpshooter (Snake:2)
  An orc knight (Orc:1)
  3 deep elf archers (Elf:1)
  2 cyclopes (D:15)
  4 yaktaurs
  4 humans (Elf:1)
  3 centaurs
  2 orcs (Elf:1)
  2 crawling corpses (Elf:1)
  9 fungi
  13 plants
53 creatures vanquished.

Grand Total: 1962 creatures vanquished

Notes
Turn   | Place    | Note
-------+----------+-------------------------------------------
     0 | D:1      | Mandevil the Naga Monk began the quest for the Orb.
     0 | D:1      | Reached XP level 1. HP: 21/21 MP: 1/1
    81 | D:1      | HP: 1/21 [goblin (4)]
    82 | D:1      | Reached XP level 2. HP: 1/28 MP: 2/2
  1205 | D:2      | Noticed Terence
  1218 | D:1      | Gained mutation: You are partially covered in thin metallic scales. (AC +2) [potion of mutation]
  1218 | D:1      | Gained mutation: You evolve. [potion of mutation]
  1228 | D:1      | Killed Terence
  1228 | D:1      | Reached XP level 3. HP: 4/34 MP: 3/3
  1783 | D:2      | Found a white marble altar of Elyvilon.
  1976 | D:2      | Reached skill level 5 in Stealth
  1976 | D:2      | Reached XP level 4. HP: 34/42 MP: 4/4
  2371 | D:2      | Reached XP level 5. HP: 39/49 MP: 5/5
  2923 | D:3      | Found a hazy altar of Hepliaklqana.
  3827 | D:3      | Reached skill level 4 in Fighting
  3834 | D:3      | Found a glowing silver altar of Zin.
  4056 | D:4      | Noticed Eustachio
  4429 | D:4      | Reached skill level 5 in Polearms
  4429 | D:4      | Reached XP level 6. HP: 58/58 MP: 6/6
  4453 | D:4      | Noticed a phantom
  4475 | D:5      | Entered Level 5 of the Dungeon
  4488 | D:5      | Found a staircase to the Ecumenical Temple.
  4511 | Temple   | Entered the Ecumenical Temple
  4601 | Temple   | Became a worshipper of Cheibriados the Contemplative
  4601 | Temple   | Reached * piety under Cheibriados
  4601 | Temple   | Reached ** piety under Cheibriados
  4703 | D:5      | Reached skill level 1 in Invocations
  5509 | D:5      | Noticed a phantom
  5573 | D:5      | Killed a phantom
  5573 | D:5      | Reached XP level 7. HP: 47/66 MP: 6/8
  5614 | D:5      | Reached skill level 5 in Fighting
  5634 | D:5      | Reached *** piety under Cheibriados
  6252 | D:6      | Reached XP level 8. HP: 28/76 MP: 3/11
  6607 | D:6      | Reached skill level 6 in Fighting
  6681 | D:6      | Reached **** piety under Cheibriados
  6688 | D:6      | Noticed a wyvern
  6696 | D:6      | Killed a wyvern
  6696 | D:6      | Reached skill level 5 in Invocations
  7219 | D:6      | Gained mutation: You can translocate small distances at will. [evolution]
  7238 | D:6      | Reached skill level 7 in Fighting
  7387 | D:6      | Reached XP level 9. HP: 86/86 MP: 13/13
  7560 | D:7      | Reached ***** piety under Cheibriados
  7887 | D:7      | Found Buoh's Distillery.
  7966 | D:7      | Found an ornate altar of the Wu Jian Council.
  8066 | D:7      | Reached skill level 8 in Fighting
  8705 | D:8      | Noticed a two-headed ogre
  8717 | D:8      | Killed a two-headed ogre
  8717 | D:8      | Reached XP level 10. HP: 55/98 MP: 5/16
  8784 | D:8      | Reached skill level 9 in Fighting
  9056 | D:8      | Gained mutation: You are agile. (Dex +2) [evolution]
  9978 | D:9      | Reached ****** piety under Cheibriados
 10066 | D:9      | Noticed a two-headed ogre
 10074 | D:9      | Killed a two-headed ogre
 10153 | D:9      | Reached skill level 10 in Polearms
 10315 | D:9      | Noticed a two-headed ogre
 10329 | D:9      | Killed a two-headed ogre
 10329 | D:9      | Reached skill level 10 in Fighting
 10329 | D:9      | Reached XP level 11. HP: 56/108 MP: 8/18
 10423 | D:9      | Found an iron altar of Okawaru.
 10425 | D:9      | Found a sacrificial altar of Ru.
 10676 | D:10     | Entered Level 10 of the Dungeon
 10928 | D:10     | Reached skill level 10 in Invocations
 11913 | D:11     | Found a staircase to the Lair.
 12089 | D:11     | Reached skill level 11 in Fighting
 12560 | D:11     | Reached XP level 12. HP: 114/120 MP: 17/20
 12745 | D:11     | Gained mutation: Your spells are a little harder to cast, but a little more powerful. [evolution]
 12745 | D:11     | Lost mutation: You evolve. [end of evolution]
 12889 | Lair:1   | Entered Level 1 of the Lair of Beasts
 13725 | Lair:2   | Noticed an eight-headed hydra
 13734 | Lair:2   | Killed an eight-headed hydra
 13966 | Lair:2   | Found a radiant altar of Vehumet.
 13971 | Lair:2   | Reached skill level 12 in Fighting
 14125 | Lair:2   | Noticed Gastronok
 14156 | Lair:2   | Killed Gastronok
 14290 | Lair:2   | Got a brightly glowing scale mail
 14301 | Lair:2   | Identified the cursed +0 scale mail of the Postmodern Cities {rN+} (You found it on level 2 of the Lair of Beasts)
 15045 | Lair:3   | Got a sparkling crystal amulet
 15046 | Lair:3   | Identified the amulet "Atel" {Reflect rC+ Str+4 SH+3} (You found it on level 3 of the Lair of Beasts)
 15113 | Lair:3   | Gained mutation: You can use your snake-like lower body to constrict enemies. [Naga growth]
 15113 | Lair:3   | Reached XP level 13. HP: 121/130 MP: 20/22
 15138 | Lair:3   | Found a staircase to the Swamp.
 15613 | Lair:3   | Reached skill level 13 in Fighting
 16017 | Lair:4   | Found a staircase to the Snake Pit.
 16746 | Lair:5   | Noticed Nessos
 16754 | Lair:5   | Killed Nessos
 17227 | Lair:5   | Noticed Snorg
 17235 | Lair:5   | Killed Snorg
 17235 | Lair:5   | Reached skill level 14 in Fighting
 17788 | Lair:5   | Reached XP level 14. HP: 83/144 MP: 13/23
 18405 | Lair:6   | Entered Level 6 of the Lair of Beasts
 18976 | Lair:6   | Reached skill level 1 in Evocations
 19030 | Lair:6   | Reached skill level 1 in Armour
 19062 | Lair:6   | Got a blackened hunting sling
 19063 | Lair:6   | Identified the +4 hunting sling of the Original Sin {freeze, rElec rF+ Str+3} (You found it on level 6 of the Lair of Beasts)
 19094 | Lair:6   | Found a staircase to the Slime Pits.
 19120 | Lair:6   | Reached skill level 1 in Slings
 19281 | Lair:6   | Found a snail-covered altar of Cheibriados.
 19416 | Lair:6   | Noticed a dire elephant
 19432 | Lair:6   | Killed a dire elephant
 20173 | Swamp:1  | Entered Level 1 of the Swamp
 20633 | Swamp:1  | Reached skill level 5 in Evocations
 20644 | Swamp:1  | Reached XP level 15. HP: 148/152 MP: 24/24
 21123 | Swamp:1  | Reached skill level 5 in Slings
 21530 | Swamp:2  | Noticed Louise
 21540 | Swamp:2  | Killed Louise
 21960 | D:12     | Found a staircase to the Orcish Mines.
 22107 | D:12     | Reached skill level 1 in Shields
 22240 | D:12     | Noticed Maurice
 22248 | D:12     | Killed Maurice
 22372 | D:12     | Noticed Nergalle
 22447 | Orc:1    | Entered Level 1 of the Orcish Mines
 22451 | Orc:1    | Found Daub's Antique Weapon Shoppe.
 22466 | Orc:1    | Noticed Urug
 22474 | Orc:1    | Killed Urug
 22494 | Orc:1    | Found Yreh's Jewellery Shop.
 22527 | Orc:1    | Found Hywid's Food Boutique.
 22532 | Orc:1    | Found Guwyc's Armour Boutique.
 22567 | Orc:1    | Bought a +5 ring of evasion for 880 gold pieces
 22595 | Orc:1    | Found Genouwir's Weapon Shop.
 22751 | Orc:1    | Found a roughly hewn altar of Beogh.
 22995 | Orc:2    | Entered Level 2 of the Orcish Mines
 23001 | Orc:2    | Noticed Gorglomux's ghost (journeyman MiAs)
 23035 | Orc:2    | Killed Gorglomux's ghost
 23292 | Orc:2    | Found a staircase to the Elven Halls.
 23876 | Orc:2    | Found Beggooh's Gadget Boutique.
 23876 | Orc:2    | Found Eshrieh's Food Shop.
 23877 | Orc:2    | Found Wughaox's Assorted Antiques.
 23881 | Orc:2    | Found Koigahe's Jewellery Boutique.
 24545 | D:13     | Found a frozen archway.
 24589 | IceCv    | Entered an ice cave
 24875 | IceCv    | Reached XP level 16. HP: 129/160 MP: 25/25
 25432 | D:13     | Noticed a storm dragon
 25450 | D:13     | Killed a storm dragon
 25781 | D:13     | Identified the Grimoire of Harmful Malediction
 26187 | D:14     | Reached skill level 5 in Shields
 26625 | D:14     | Found a gate to the Vaults.
 26917 | D:14     | You fall through a shaft!
 26917 | D:15     | Entered Level 15 of the Dungeon
 26926 | D:15     | Identified the Guide on Execration
 26973 | D:15     | Found a runed door.
 27609 | D:15     | Reached skill level 10 in Evocations
 28398 | D:15     | Found a staircase to the Depths.
 28571 | D:15     | Found Atuahi's General Store.
 28577 | D:15     | Bought a scroll of enchant weapon for 127 gold pieces
 29541 | Swamp:2  | Found a runed door.
 29982 | Swamp:2  | Paralysed by you for 5 turns
 30020 | Swamp:2  | Paralysed by you for 5 turns
 30067 | Swamp:2  | Found the +16 mace of Variability {chaos}
 30821 | Swamp:3  | Reached XP level 17. HP: 162/168 MP: 26/26
 30850 | Swamp:3  | Reached skill level 10 in Slings
 30881 | Swamp:3  | Got a smoking scale mail
 30882 | Swamp:3  | Identified the cursed +0 scale mail "Trusted Companion" {Int+2} (You found it on level 3 of the Swamp)
 31310 | Swamp:4  | Entered Level 4 of the Swamp
 31310 | Swamp:4  | Noticed Roxanne
 31944 | Swamp:4  | Reached skill level 15 in Fighting
 32608 | Swamp:4  | Got a decaying rune of Zot
 32889 | Snake:1  | Entered Level 1 of the Snake Pit
 33243 | Snake:1  | Reached skill level 5 in Dodging
 33526 | Snake:1  | Noticed Aizul
 33535 | Snake:1  | Killed Aizul
 33795 | Snake:1  | Noticed Azrael
 33818 | Snake:1  | Killed Azrael
 34365 | Snake:2  | Found Gudghoytt's Jewellery Emporium.
 34484 | Snake:2  | Found Meifrips's Jewellery Shoppe.
 34484 | Snake:2  | Found Goziufic's Gadget Shop.
 34485 | Snake:2  | Found Meiriwif's Gadget Shop.
 34500 | Snake:2  | Bought a +3 ring of slaying for 540 gold pieces
 34866 | Snake:2  | Found a hide-covered altar of Uskayaw.
 35519 | Snake:3  | Found Yzxetuah's Jewellery Emporium.
 35559 | Snake:3  | Reached XP level 18. HP: 181/181 MP: 27/27
 36668 | Snake:4  | Entered Level 4 of the Snake Pit
 36681 | Snake:4  | Noticed p0werm0de's ghost (adept DsHu)
 36698 | Snake:4  | Reached skill level 16 in Fighting
 36764 | Snake:4  | Killed p0werm0de's ghost
 36882 | Snake:4  | Noticed Bai Suzhen
 36897 | Snake:4  | Killed Bai Suzhen
 38627 | Snake:4  | Got a serpentine rune of Zot
 39136 | Vaults:1 | Entered Level 1 of the Vaults
 39244 | Vaults:1 | Reached XP level 19. HP: 190/190 MP: 29/29
 40099 | Vaults:1 | Reached skill level 17 in Fighting
 40451 | Vaults:1 | Found Aruakouc's Antique Armour Emporium.
 40629 | Vaults:1 | Bought a pair of embroidered gloves for 225 gold pieces
 40629 | Vaults:1 | Bought a shiny helmet for 225 gold pieces
 41525 | Vaults:2 | Found a staircase to the Crypt.
 41902 | Vaults:2 | Reached XP level 20. HP: 126/201 MP: 31/31
 41907 | Vaults:2 | Reached skill level 15 in Evocations
 42082 | Vaults:2 | Paralysed by a floating eye for 2 turns
 42185 | Vaults:2 | Found Seibos's Food Emporium.
 42936 | Vaults:3 | Reached skill level 10 in Dodging
 43127 | Vaults:3 | Reached skill level 10 in Shields
 43369 | Vaults:3 | Reached skill level 18 in Fighting
 43801 | Vaults:3 | Reached XP level 21. HP: 141/212 MP: 32/32
 44385 | Vaults:4 | Found Jual's Assorted Antiques.
 44389 | Vaults:4 | Bought a scroll of enchant weapon for 270 gold pieces
 44389 | Vaults:4 | Bought a fine fustibalus for 720 gold pieces
 44389 | Vaults:4 | Identified the +7 fustibalus "Culocu" {venom, +Inv} (You bought it in a shop on level 4 of the Vaults)
 44414 | Vaults:4 | Reached skill level 5 in Armour
 45313 | Vaults:4 | Found a deep blue altar of Sif Muna.
 46157 | Elf:1    | Entered Level 1 of the Elven Halls
 46433 | Elf:1    | Noticed Donald
 46441 | Elf:1    | Killed Donald
 46507 | Elf:1    | Noticed Kirke
 46519 | Elf:1    | Killed Kirke
 47089 | Elf:2    | Found a runed gate.
 47509 | Elf:2    | Found a runed gate.
 47509 | Elf:2    | Found a runed gate.
 47552 | Elf:2    | Got a warped iron ring
 47553 | Elf:2    | Identified the ring "Vanurio" {*Slow rF+ Str+3 Stlth+} (You found it on level 2 of the Elven Halls)
 47634 | Elf:2    | Reached XP level 22. HP: 220/220 MP: 33/33
 47635 | Elf:2    | Found Ziddo's Armour Shop.
 47653 | Elf:2    | Bought a +0 naga barding for 299 gold pieces
 48217 | Elf:3    | Entered Level 3 of the Elven Halls
 48374 | Elf:3    | Noticed Saint Roka
 48398 | Elf:3    | Killed Saint Roka
 48403 | Elf:3    | Found Ukodor's Distillery.
 49672 | Elf:3    | Identified the Almanac of Flames
 49693 | Elf:3    | Identified Zelad's Witchery Continued
 49829 | Elf:3    | Identified the +3 demon trident of Pain and Death {flame, rPois Dex+3} (You took it off a deep elf mage on level 3 of the Elven Halls)
 50543 | Snake:2  | Bought a lamp of fire for 400 gold pieces
 50897 | Depths:1 | Entered Level 1 of the Depths
 51171 | Depths:1 | Reached skill level 10 in Armour
 51213 | Depths:1 | Reached XP level 23. HP: 206/228 MP: 34/34
 51375 | Depths:1 | Found a snail-covered altar of Cheibriados.
 51459 | Depths:1 | Found a gateway to Hell.
 51517 | Depths:1 | Found a gateway to a ziggurat.
 52350 | Depths:2 | Noticed sergedm's ghost (adept DECj)
 52365 | Depths:2 | Killed sergedm's ghost
 52564 | Depths:2 | Noticed a golden dragon
 53375 | Depths:2 | Killed a golden dragon
 53399 | Depths:2 | Got a warped plate armour
 53410 | Depths:2 | Identified the +8 plate armour of the Planets {rCorr} (You found it on level 2 of the Depths)
 53927 | Snake:3  | Bought the ring "Jija" {MR++ EV+2 Int+4 Dex+4 Stlth+} for 720 gold pieces
 55192 | Depths:3 | Reached XP level 24. HP: 214/238 MP: 34/34
 55642 | Depths:3 | Got a heavily runed platinum ring
 55643 | Depths:3 | Identified the ring of Fun {SInv Stlth+} (You took it off a boggart on level 3 of the Depths)
 56070 | Depths:3 | Found the +2 pair of boots of the Assassin {Detection Stab+ Stlth++}
 56071 | Depths:3 | Found a shadowy altar of Dithmenos.
 56115 | Depths:3 | Reached skill level 19 in Fighting
 56130 | Depths:3 | Found a one-way gate leading to the halls of Pandemonium.
 56372 | Depths:4 | HP: 11/241 [iron troll (30)]
 56372 | Depths:4 | Mangled by an iron troll

Vault maps used:
D:1:      saegor_arrival_simple_a
D:2:      nicolae_overflow_hidden_temple, uniq_terence
D:3:      nicolae_overflow_crystal_walls, lemuel_doored_altar, first_bread
D:4:      uniq_eustachio
D:5:      lemuel_ratsnest, minmay_temple_entry_butterflies, minivault_1,
          dk_noncrumbling_4
D:7:      overflow_temple_1_default, serial_shops, nicolae_shop_stone
D:8:      hangedman_pestilent_swarm, glass_columns_c
D:9:      chequers_temple_overflow_statue_of_worship, kennysheep_cross_room,
          minivault_25
D:11:     minmay_lair_entry_grove
D:12:     special_room, uniq_nergalle, uniq_maurice
D:13:     minmay_mutant_horseshoe, portal_ice_cave_entry_imps
D:14:     david_vaults_4, minivault_26
D:15:     grunt_enter_depths_snipers, serial_shops, nicolae_shop_crystal,
          minmay_misc_feat_plants, lightli_airlock
Temple:   eino_temple_rhombus
Lair:1:   dpeg_oklob_gauntlet, cheibrodos_lair_lostbears
Lair:2:   basic_altar, serial_bayou_ford_a, serial_bayou_crossing,
          infiniplex_staircase_pool, uniq_gastronok
Lair:3:   swamp_mist
Lair:4:   guppyfry_snake_entry_island, serial_bayou_shore_b, grunt_megastairs_4
Lair:5:   uniq_snorg, uniq_nessos
Lair:6:   gammafunk_lair_ancient_temple, nicolae_slime_entry_slimehenge,
          nicolae_quartered_pool_super, kennysheep_snail_temple
Swamp:1:  hangedman_swamp_ruin_hall, nicolae_swamp_baby_hydras
Swamp:2:  gammafunk_mikee_crab_dinner, hangedman_swamp_ruin_wall, uniq_louise
Swamp:3:  evilmike_swamp_ruin_house_5
Swamp:4:  swamp_basic_johnstein, uniq_roxanne
Snake:1:  spider_trap, uniq_azrael, uniq_aizul
Snake:2:  basic_altar, serial_shops, shop_statue, stair_cage_cross,
          minmay_shop_grove, serial_bayou_shore_b
Snake:3:  spider_trap, grunt_megastairs_2, serial_bayou_shore_a,
          minmay_shop_star
Snake:4:  grunt_snake_rune_pools, nicolae_snake_serpentine_hallways,
          uniq_bai_suzhen
Orc:1:    special_room, serial_shops, shop, shop,
          nicolae_shop_temple_entry_statues_fountains,
          nicolae_shop_window_shopping, shop, mines2_lemuel, uniq_urug
Orc:2:    st_orc_mages, minmay_orc_keep
Elf:1:    eino_elf_arrival_customs, orc_legates, minivault_5, uniq_kirke,
          uniq_donald
Elf:2:    serial_shops, nicolae_shop_competitors_out_of_business
Elf:3:    elf_hall, serial_shops, shop, uniq_saint_roka
Vaults:1: nicolae_vaults_angled_halls, v_misc_27, nicolae_vaults_angled_halls,
          ontoclasm_vaults_fault, dpeg_vaults_monster_box, vaults_dpeg_hooks,
          nicolae_vaults_little_squares_6, mu_enter_wizlab_7, serial_shops,
          nicolae_shop_overgrown_old_shop
Vaults:2: nicolae_vaults_little_squares_5, st_octagons_1, v_misc_18,
          minmay_crypt_entry_simple_walls, dpeg_vaults_monster_row,
          grunt_vaults_trifunnel, nicolae_vaults_mini_display_case,
          serial_shops, nicolae_shop_competitors_out_of_business
Vaults:3: vaults_mumra_hex, v_pattern_2, hangedman_vaults_hat, v_misc_15,
          serial_ice_g, vaults_room_pool, hangedman_vaults_pinch,
          hangedman_vaults_unwind, ontoclasm_vaults_pinch,
          hangedman_vaults_stagger, hangedman_vaults_corner_blocks,
          grunt_vaults_hallway_long
Vaults:4: ontoclasm_vaults_ligature, nicolae_vaults_rhombus_6,
          nicolae_vaults_little_squares_6, v_misc_32, st_smaller_cells,
          vaults_room_grid, vaults_room_pool, vaults_room_corners,
          nicolae_vaults_big_ls, vaults_dpeg_cross, grunt_vaults_hallway_short,
          ontoclasm_vaults_chip, vaults_room_hallway, serial_shops, shop,
          basic_altar
Depths:1: enter_ziggurat_b, hangedman_decor_growths, hell_entry,
          cheibriados_altar_1
Depths:2: minmay_nested_s, moated_statue, lightli_too_deep,
          roderic_lattice_octagonal_star, infiniplex_staircase_pool_2
Depths:3: regret_index_dithmenos_brocken_genspenst, pan_entry,
          kennysheep_doodads, hell_entry, infiniplex_staircase_zigzag_2
Depths:4: minmay_blocking_statues, abyss_entry_small_statue_room,
          hangedman_geh_valley, kennysheep_small_spiral
IceCv:    ice_cave_tombish

Skill      XL: |  1  2  3  4  5  6  7  8  9 10 11 12 13 14 15 16 17 18 19 20 21 22 23 24 |
---------------+-------------------------------------------------------------------------+-----
Stealth        | 4 5 |  5.1
Polearms       | 4 5 6 7 9 10 11 12 14 | 14.8
Fighting       | 4 5 7 8 10 11 12 14 15 16 17 18 19 | 19.0
Invocations    | 2 4 5 8 9 11 12 13 | 13.0
Evocations     | 5 8 11 12 13 14 15 | 15.9
Armour         | 4 7 10 11 12 | 12.0
Slings         | 4 7 9 10 11 13 14 | 14.1
Dodging        | 3 6 7 9 10 | 10.6
Shields        | 4 5 7 9 10 12 13 14 | 14.7

Action                   |  1- 3 |  4- 6 |  7- 9 | 10-12 | 13-15 | 16-18 | 19-21 | 22-24 || total
-------------------------+-------+-------+-------+-------+-------+-------+-------+-------++-------
Melee: Spear             |   128 |   495 |   282 |       |       |       |       |       ||   905
       Trident           |       |       |   138 |   739 |   738 |     4 |       |       ||  1619
       Constrict         |       |       |       |       |   188 |   188 |   212 |   134 ||   722
       Demon trident     |       |       |       |       |   366 |  1319 |  1262 |   976 ||  3923
 Fire: Hunting sling     |       |       |       |       |    44 |   111 |    35 |       ||   190
       Fustibalus        |       |       |       |       |       |       |    24 |    69 ||    93
Throw: Stone             |       |     4 |    15 |    25 |    29 |       |       |     2 ||    75
Invok: Slouch            |       |       |     1 |     1 |    11 |     7 |     5 |    10 ||    35
       Bend Time         |       |       |       |       |     3 |     3 |       |     3 ||     9
       Temporal Distorti |       |       |       |       |       |     1 |       |       ||     1
 Abil: Spit Poison       |       |     9 |    25 |    10 |       |       |       |       ||    44
       Blink             |       |       |     1 |     2 |     1 |     3 |       |     1 ||     8
Evoke: Wand              |       |       |       |     7 |    12 |     5 |       |     3 ||    27
  Use: Potion            |     6 |     1 |     2 |     1 |     3 |       |       |     2 ||    15
       Scroll            |     1 |     8 |     9 |    10 |    18 |    11 |    12 |     9 ||    78
 Stab: Sleeping          |     9 |     6 |     1 |     1 |     1 |       |       |       ||    18
       Distracted        |       |       |     1 |     1 |     2 |     2 |     1 |       ||     7
       Paralysed         |       |       |       |       |       |     2 |       |       ||     2
  Eat: Chunk             |     2 |    10 |     7 |    15 |    21 |    20 |    18 |    11 ||   104
       Fruit             |       |       |     2 |     3 |     5 |    12 |     3 |     5 ||    30
       Royal jelly       |       |       |       |       |       |     2 |       |     4 ||     6
Armor: Robe              |     3 |       |       |       |       |       |       |       ||     3
       Leather armour    |    12 |   106 |       |       |       |       |       |       ||   118
       Skin              |     6 |       |       |       |       |       |       |       ||     6
       Chain mail        |       |    45 |   131 |   287 |   201 |       |       |       ||   664
       Plate armour      |       |       |       |       |    43 |   450 |   201 |   210 ||   904
Dodge: Dodged            |    66 |   159 |    94 |   183 |   187 |   478 |   382 |   257 ||  1806
Block: Buckler           |       |    33 |   116 |   203 |   313 |   584 |   415 |       ||  1664
       Reflection        |       |       |     7 |    11 |     7 |    58 |    92 |    65 ||   240
       Shield            |       |       |       |       |       |       |   111 |   612 ||   723

Table legend:
 A = Spawn XP
 B = Non-spawn XP
 C = Spawn XP percentage of total XP
 D = Spawn monster count
 E = Non-spawn monster count
 F = Spawn count percentage of total count
 G = Total turns spent on level
                    A         B        C        D         E        F      G
               +---------+---------+-------+---------+---------+-------+---------
         Total |       0 |  871594 |   0.0 |       0 |    1925 |   0.0 | 56372
               +---------+---------+-------+---------+---------+-------+---------
           D:1 |       0 |      72 |   0.0 |       0 |      20 |   0.0 |  1764
           D:2 |       0 |     118 |   0.0 |       0 |      29 |   0.0 |  1274
           D:3 |       0 |      56 |   0.0 |       0 |      31 |   0.0 |  1077
           D:4 |       0 |      89 |   0.0 |       0 |       8 |   0.0 |   394
           D:5 |       0 |     504 |   0.0 |       0 |      38 |   0.0 |  1521
           D:6 |       0 |    1536 |   0.0 |       0 |      28 |   0.0 |  1345
           D:7 |       0 |    1393 |   0.0 |       0 |      37 |   0.0 |  1025
           D:8 |       0 |    3274 |   0.0 |       0 |      32 |   0.0 |  1219
           D:9 |       0 |    3590 |   0.0 |       0 |      31 |   0.0 |   986
          D:10 |       0 |    2764 |   0.0 |       0 |      31 |   0.0 |  1059
          D:11 |       0 |    5279 |   0.0 |       0 |      67 |   0.0 |  1192
          D:12 |       0 |    4115 |   0.0 |       0 |      40 |   0.0 |   844
          D:13 |       0 |    9886 |   0.0 |       0 |      33 |   0.0 |  1281
          D:14 |       0 |   14419 |   0.0 |       0 |      38 |   0.0 |  1184
          D:15 |       0 |   15499 |   0.0 |       0 |      49 |   0.0 |  2200
        Lair:1 |       0 |    4329 |   0.0 |       0 |      13 |   0.0 |  1309
        Lair:2 |       0 |    8638 |   0.0 |       0 |      29 |   0.0 |  1566
        Lair:3 |       0 |    8318 |   0.0 |       0 |      39 |   0.0 |  1075
        Lair:4 |       0 |    2103 |   0.0 |       0 |      21 |   0.0 |  1090
        Lair:5 |       0 |   19434 |   0.0 |       0 |      47 |   0.0 |  2155
        Lair:6 |       0 |   19308 |   0.0 |       0 |      57 |   0.0 |  1050
       Swamp:1 |       0 |   15292 |   0.0 |       0 |      30 |   0.0 |  1074
       Swamp:2 |       0 |   18798 |   0.0 |       0 |      43 |   0.0 |  1874
       Swamp:3 |       0 |    7150 |   0.0 |       0 |      20 |   0.0 |   763
       Swamp:4 |       0 |   25914 |   0.0 |       0 |      58 |   0.0 |  1447
       Snake:1 |       0 |   14843 |   0.0 |       0 |      35 |   0.0 |  1479
       Snake:2 |       0 |   13896 |   0.0 |       0 |      24 |   0.0 |  1609
       Snake:3 |       0 |   14178 |   0.0 |       0 |      23 |   0.0 |  1283
       Snake:4 |       0 |   58497 |   0.0 |       0 |      88 |   0.0 |  2034
         Orc:1 |       0 |    7723 |   0.0 |       0 |      47 |   0.0 |   602
         Orc:2 |       0 |    9214 |   0.0 |       0 |      62 |   0.0 |  1509
         Elf:1 |       0 |   31935 |   0.0 |       0 |      60 |   0.0 |   928
         Elf:2 |       0 |   39613 |   0.0 |       0 |      55 |   0.0 |  1223
         Elf:3 |       0 |   62936 |   0.0 |       0 |      63 |   0.0 |  1776
      Vaults:1 |       0 |   56815 |   0.0 |       0 |     108 |   0.0 |  2070
      Vaults:2 |       0 |   60624 |   0.0 |       0 |      81 |   0.0 |  1760
      Vaults:3 |       0 |   66231 |   0.0 |       0 |      83 |   0.0 |  1535
      Vaults:4 |       0 |   43041 |   0.0 |       0 |      73 |   0.0 |  1525
      Depths:1 |       0 |   41178 |   0.0 |       0 |      55 |   0.0 |   880
      Depths:2 |       0 |   68112 |   0.0 |       0 |      70 |   0.0 |  2072
      Depths:3 |       0 |   78406 |   0.0 |       0 |     101 |   0.0 |  1792
      Depths:4 |       0 |    8188 |   0.0 |       0 |       8 |   0.0 |    47
         IceCv |       0 |    4286 |   0.0 |       0 |      20 |   0.0 |   370
               +---------+---------+-------+---------+---------+-------+---------
